 Dungeon Crawl Stone Soup version 0.21-a0-440-g28109cb (webtiles) character file.

2078 mortelune the Cleaver (level 9, -5/79 HPs)
             Began as a Minotaur Fighter on Nov 10, 2017.
             Slain by an orc
             ... wielding a +0 flail
              (6 damage)
             ... on level 7 of the Dungeon on Nov 11, 2017.
             The game lasted 00:23:09 (5220 turns).

mortelune the Cleaver (Minotaur Fighter)            Turns: 5220, Time: 00:23:10

Health: -5/79      AC: 10    Str: 26    XL:     9   Next: 6%
Magic:  8/8        EV: 10    Int:  5    God:
Gold:   112        SH:  3    Dex: 10    Spells: 8/8 levels left

rFire    + . .     SeeInvis .   D - +2 dire flail (drain)
rCold    . . .     Gourm    .   (shield currently unavailable)
rNeg     . . .     Faith    .   E - +3 ring mail {MR+}
rPois    .         Spirit   .   (helmet restricted)
rElec    .         Reflect  +   (no cloak)
rCorr    .         Harm     .   C - +0 pair of gloves
MR       +....                  (no boots)
Stlth    ..........             p - +3 amulet of reflection
HPRegen  0.23/turn              h - ring of protection from fire
MPRegen  0.11/turn              B - +2 ring of strength

@: no status effects
A: retaliatory headbutt, horns 2, yellow scales 1, deformed body, deterioration
1
a: no special abilities


You were on level 7 of the Dungeon.
You were very hungry.

You visited 1 branch of the dungeon, and saw 7 of its levels.

You collected 322 gold pieces.
You spent 210 gold pieces at shops.

Inventory:

Hand Weapons
 a - a +0 war axe
 o - a -1 hand axe
 D - a +2 dire flail of draining (weapon)
Armour
 b - a +0 scale mail
 c - a +0 shield
 i - a +1 chain mail
 v - a +0 shield of protection
 C - a +0 pair of gloves (worn)
 E - a +3 ring mail of magic resistance (worn)
Jewellery
 h - a ring of protection from fire (left hand)
 p - a +3 amulet of reflection (around neck)
 B - a +2 ring of strength (right hand)
Wands
 I - a wand of digging (15/24)
Scrolls
 k - 2 scrolls of fog
 t - 4 scrolls of teleportation
 u - a scroll of amnesia
 w - 2 scrolls of remove curse
 x - 2 scrolls of blinking
 y - a scroll of enchant weapon {unknown}
 F - 3 scrolls of identify
 G - a scroll of recharging {unknown}
 H - a scroll of fear
Potions
 d - 3 potions of might
 e - 4 potions of curing
 l - a potion of lignification
 m - 4 potions of flight
 n - 2 potions of berserk rage {unknown}
 q - a potion of agility
 r - a potion of brilliance
 z - 4 potions of heal wounds
 A - 2 potions of haste {unknown}
Comestibles
 f - 2 bread rations
 g - 6 meat rations
 j - 4 fruits
 s - a royal jelly


   Skills:
 + Level 7.0 Fighting
 * Level 8.8 Axes
 + Level 7.0 Armour
 - Level 8.6 Shields


You had 8 spell levels left.
You didn't know any spells.

Dungeon Overview and Level Annotations

Branches:
Dungeon (7/15)             Temple (0/1) D:6

Altars:
Gozag
Nemelex Xobeh
Qazlal
Sif Muna
Xom
Yredelemnul

Shops:
D:6 ?[%


Innate Abilities, Weirdness & Mutations

You reflexively headbutt those who attack you in melee.
You have a pair of horns on your head.
You are partially covered in yellow scales. (AC +2)
Armour fits poorly on your strangely shaped body.
Your body sometimes deteriorates upon taking damage.


Message History

* * * LOW HITPOINT WARNING * * *
The orc hits you with a flail!
* * * LOW HITPOINT WARNING * * *
The centaur zombie hits you but does no damage.
The orc closely misses you. You furiously retaliate!
You headbutt the orc.
The centaur zombie hits you but does no damage.
An orc comes into view. It is wielding a dagger.
The orc shouts!
You hear a shout! x2
The centaur zombie hits you but does no damage.
The orc closely misses you.
The centaur zombie hits you but does no damage.
You hear an angry hiss.
The orc hits you with a flail.
* * * LOW HITPOINT WARNING * * *
The centaur zombie hits you but does no damage.
The centaur zombie hits you but does no damage.
The orc closely misses you.
The centaur zombie hits you but does no damage.
The orc hits you with a flail.
You die...

####
..# #
#.#l#
#@Z.#
#o###
#o#
...
#.#
#.#
#.#
#.#


You could see 2 orcs, a centaur zombie and a leopard gecko.

Vanquished Creatures
  Edmund (D:6)
  A sky beast (D:5)
  A phantom (D:5)
  5 ogres (D:5)
  5 centaurs
  3 bullfrogs
  A howler monkey (D:5)
  5 crimson imps (D:5)
  A bullfrog zombie (D:5)
  A hound (D:5)
  A jelly (D:5)
  An orc wizard (D:4)
  Natasha (thrice) (D:4)
  6 worker ants
  A hound zombie (D:5)
  2 hound skeletons
  A worker ant zombie (D:6)
  11 adders
  3 oozes (D:1)
  2 worms
  5 leopard geckos
  7 orcs
  A ball python (D:1)
  9 bats
  2 giant cockroaches
  2 gnoll zombies (D:5)
  7 goblins
  3 hobgoblins
  2 jackals (D:5)
  7 kobolds
  4 quokkas
  3 frilled lizards
  A jackal zombie (D:6)
  A leopard gecko zombie (D:6)
  8 rats
117 creatures vanquished.

Notes
Turn   | Place    | Note
-------+----------+-------------------------------------------
     0 | D:1      | mortelune the Minotaur Fighter began the quest for the Orb.
     0 | D:1      | Reached XP level 1. HP: 19/19 MP: 0/0
   127 | D:1      | Reached XP level 2. HP: 25/27 MP: 1/1
   353 | D:1      | Reached XP level 3. HP: 33/33 MP: 2/2
   824 | D:2      | Found a stormy altar of Qazlal.
   824 | D:2      | Found an opulent altar of Gozag.
   825 | D:2      | Found a deep blue altar of Sif Muna.
   857 | D:2      | Found a sparkling altar of Nemelex Xobeh.
   908 | D:2      | Reached XP level 4. HP: 27/40 MP: 3/3
  2245 | D:3      | Reached XP level 5. HP: 47/47 MP: 4/4
  2330 | D:4      | Reached skill level 5 in Shields
  2398 | D:4      | Noticed Natasha
  2410 | D:4      | Killed Natasha
  2734 | D:4      | Noticed Natasha
  2743 | D:4      | Killed Natasha
  2999 | D:4      | Found a deep blue altar of Sif Muna.
  3183 | D:4      | Noticed Natasha
  3187 | D:4      | Killed Natasha
  3187 | D:4      | Reached XP level 6. HP: 48/53 MP: 5/5
  3377 | D:5      | Entered Level 5 of the Dungeon
  3394 | D:5      | Reached skill level 5 in Axes
  3593 | D:5      | Reached skill level 5 in Fighting
  3593 | D:5      | Reached skill level 5 in Armour
  3825 | D:5      | Found a basalt altar of Yredelemnul.
  3918 | D:5      | Reached XP level 7. HP: 61/61 MP: 6/6
  3997 | D:5      | Found a shimmering altar of Xom.
  4045 | D:5      | Found a basalt altar of Yredelemnul.
  4128 | D:5      | Gained mutation: You are partially covered in yellow scales. (AC +2) [mutagenic meat]
  4130 | D:5      | Gained mutation: Your body sometimes deteriorates upon taking damage. [mutagenic meat]
  4131 | D:5      | Gained mutation: Armour fits poorly on your strangely shaped body. [mutagenic meat]
  4331 | D:5      | Reached XP level 8. HP: 62/70 MP: 7/7
  4706 | D:6      | Found Pepasem's Food Shop.
  4709 | D:6      | Noticed Edmund
  4721 | D:6      | Killed Edmund
  4798 | D:6      | Found a staircase to the Ecumenical Temple.
  4966 | D:6      | Found Nuggumo's Armour Emporium.
  4968 | D:6      | Found Feqym's Magic Scroll Shoppe.
  4988 | D:6      | Bought a scroll of teleportation for 36 gold pieces
  4988 | D:6      | Bought a scroll of identify for 24 gold pieces
  4988 | D:6      | Bought a scroll of identify for 24 gold pieces
  4988 | D:6      | Bought a scroll of teleportation for 36 gold pieces
  4988 | D:6      | Bought a scroll of blinking for 90 gold pieces
  5026 | D:6      | Reached XP level 9. HP: 61/78 MP: 8/8
  5218 | D:7      | HP: 1/79 [orc/flail (6)]
  5220 | D:7      | Slain by an orc

Vault maps used:
D:1:      lightli_arrival_lavapool, minmay_tree_intersection, st_stairs_4,
          minmay_misc_feat_iff, minmay_tripent
D:2:      nicolae_overflow_quartered_altars
D:4:      led_sif_book, uniq_natasha
D:5:      led_xom_imps, lemuel_zombie_altar_yredelemnul, basic_altar,
          first_bread, nzn_random_ring
D:6:      minmay_temple_entry_junction, serial_shops, shop, shop,
          shop_fountains, uniq_edmund
D:7:      basic_altar, uniq_menkaure, uniq_duvessa

Skill      XL: |  1  2  3  4  5  6  7  8  9 |
---------------+----------------------------+-----
Axes           | 3 4 5 6 8 |  8.8
Shields        | 4 5 6 7 8 |  8.6
Fighting       | 4 5 6 7 |  7.0
Armour         | 4 5 6 7 |  7.0

Action                   |  1- 3 |  4- 6 |  7- 9 || total
-------------------------+-------+-------+-------++-------
Melee: War axe           |    93 |    39 |   122 ||   254
       Headbutt          |    11 |    29 |    27 ||    67
       Hand axe          |       |   119 |       ||   119
       Dire flail        |       |       |    20 ||    20
  Use: Scroll            |     1 |    14 |       ||    15
  Eat: Chunk             |       |     9 |     7 ||    16
Armor: Scale mail        |    12 |       |       ||    12
       Chain mail        |    42 |    48 |    42 ||   132
       Ring mail         |       |       |    66 ||    66
Dodge: Dodged            |    34 |    21 |    88 ||   143
Block: Shield            |    68 |    93 |    90 ||   251
       Reflection        |       |     1 |     9 ||    10
       Other             |       |       |    19 ||    19

Table legend:
 A = Spawn XP
 B = Non-spawn XP
 C = Spawn XP percentage of total XP
 D = Spawn monster count
 E = Non-spawn monster count
 F = Spawn count percentage of total count
 G = Total turns spent on level
                    A         B        C        D         E        F      G
               +---------+---------+-------+---------+---------+-------+---------
         Total |       0 |    2969 |   0.0 |       0 |     117 |   0.0 |  5220
               +---------+---------+-------+---------+---------+-------+---------
           D:1 |       0 |      53 |   0.0 |       0 |      24 |   0.0 |   714
           D:2 |       0 |      60 |   0.0 |       0 |      13 |   0.0 |   700
           D:3 |       0 |      84 |   0.0 |       0 |      16 |   0.0 |   971
           D:4 |       0 |     200 |   0.0 |       0 |      13 |   0.0 |  1152
           D:5 |       0 |    1827 |   0.0 |       0 |      33 |   0.0 |  1159
           D:6 |       0 |     745 |   0.0 |       0 |      18 |   0.0 |   497
               +---------+---------+-------+---------+---------+-------+---------
